 Dungeon Crawl Stone Soup version 0.24.0-13-gcf9b3192b9 (webtiles) character file.

Game seed: 4609230131177819600, levelgen mode: deterministic

46 Gobbopathe the Ducker (level 3, -9/16 HPs)
             Began as a Felid Wanderer on Nov 5, 2019.
             Was an Initiate of Wu Jian.
             Killed from afar by Ijyb (11 damage)
             ... with a burst of metal fragments
             ... on level 3 of the Dungeon.
             The game lasted 00:06:46 (3354 turns).

Gobbopathe the Ducker (Felid Wanderer)              Turns: 3354, Time: 00:06:46

Health: -9/16      AC:  1    Str:  6    XL:     3   Next: 44%
Magic:  14/14      EV: 20    Int: 14    God:    Wu Jian [......]
Gold:   134        SH:  0    Dex: 17    Spells: 4/4 levels left
                                        Lives:  0   Deaths: 1

rFire    + . .     SeeInvis +     - Unarmed
rCold    x . .     Gourm    .   (shield unavailable)
rNeg     . . .     Faith    .   (armour unavailable)
rPois    .         Spirit   .   (helmet unavailable)
rElec    .         Reflect  .   (cloak unavailable)
rCorr    .         Harm     .   (gloves unavailable)
MR       .....                  (boots unavailable)
Stlth    +++.......             (no amulet)
HPRegen  0.05/turn              g - ring of fire
MPRegen  0.14/turn              o - ring of magical power

@: quick
A: very small, no armour, no weapons or thrown items, stealth, claws 1, fangs 3,
see invisible, carnivore, speed 1, shaggy fur 1, slow metabolism 1, sharp paws
a: Renounce Religion


You were on level 3 of the Dungeon.
You worshipped Wu Jian.
Wu Jian was noncommittal.
You were not hungry.

You visited 1 branch of the dungeon, and saw 3 of its levels.

You collected 134 gold pieces.

Inventory:

Jewellery
 g - a ring of fire (left paw)
 o - a ring of magical power (right paw)
Wands
 p - a wand of random effects (8)
Scrolls
 c - 3 scrolls of teleportation
 e - 7 scrolls of identify {unknown}
 f - a scroll of random uselessness {unknown}
 j - a scroll of fear {unknown}
 n - a scroll of remove curse {unknown}
Potions
 a - 2 potions of heal wounds
 b - 4 potions of curing
 h - a potion of haste {unknown}
 i - 3 potions of invisibility {unknown}
 k - 2 potions of berserk rage {unknown}
 l - a potion of mutation {unknown}
 m - 2 potions of cancellation {unknown}
Comestibles
 d - 7 rations


   Skills:
 - Level 2.0 Fighting
 * Level 4.8 Dodging
 + Level 4.3 Stealth
 - Level 1.0 Unarmed Combat
 - Level 1.0 Spellcasting
   Level 1.0 Necromancy
   Level 1.0 Earth Magic
 - Level 1.1 Evocations


You had 4 spell levels left.
You didn't know any spells.
Your spell library was empty.

Dungeon Overview and Level Annotations

Branches:
Dungeon (3/15)

Altars:
Kikubaaqudgha
Okawaru
Wu Jian

Annotations:
D:3 Ijyb


Innate Abilities, Weirdness & Mutations

You cannot wear armour.
You are incapable of wielding weapons or throwing items.
Your paws allow you to move quietly. (Stealth)
You have sharp claws.
You have razor-sharp teeth.
You have supernaturally acute eyesight. (SInv)
You are carnivorous and can eat meat at any time.
You cover ground quickly.
You are covered in fur. (AC +1)
You have a slow metabolism.
Your sharp claws are effective at attacking unaware monsters.


Message History

The kobold barely misses you.
You scratch the kobold.
You kill the kobold!
The Council accepts your kill.
Exp: ~1(2%) No target in view!
You start resting.
HP restored.
You lunge at Ijyb, but your attack speed is too slow for a blow to land.
You pounce on the unaware helpless Ijyb!
You claw Ijyb!
Ijyb is heavily wounded.
Ijyb zaps a wand.
The burst of metal fragments hits you!
Ouch! That really hurt!
The burst of metal fragments misses you. x2
The burst of metal fragments hits you.
* * * LOW HITPOINT WARNING * * *
The burst of metal fragments hits you!
Ouch! That really hurt!
You die...

..............#.............#
.............###....###.....#
........#######......
........ ........# #......
......... .....(..# ....
.......... ........# ....
........###########....#
....)..................#
#######..)......@..#.##
#..........g.# #............#
#............# #............#
#######............#
...................#
...................#
.......###########


You could see Ijyb.

Vanquished Creatures
  A gnoll (D:3)
  An adder (D:3)
  An ooze (D:3)
  A worm (D:2)
  3 dart slugs (D:1)
  2 leopard geckos (D:1)
  2 ball pythons (D:1)
  3 giant cockroaches
  9 goblins
  4 hobgoblins
  5 jackals
  A quokka (D:3)
  14 bats
  4 frilled lizards (D:1)
  6 kobolds
  9 rats
66 creatures vanquished.

Notes
Turn   | Place    | Note
-------+----------+-------------------------------------------
     0 | D:1      | Gobbopathe the Felid Wanderer began the quest for the Orb.
     0 | D:1      | Gobbopathe set off with the following items: a potion of
                  | heal wounds, a potion of curing, a scroll of teleportation,
                  | a ration
     0 | D:1      | Reached XP level 1. HP: 9/9 MP: 3/3
   188 | D:1      | Reached XP level 2. HP: 13/13 MP: 4/4
   942 | D:1      | Reached XP level 3. HP: 16/16 MP: 5/5
   998 | D:1      | Found an iron altar of Okawaru.
  2178 | D:2      | Found an ancient bone altar of Kikubaaqudgha.
  2511 | D:3      | Reached XP level 4. HP: 10/19 MP: 6/6
  2683 | D:3      | Found an ornate altar of the Wu Jian Council.
  2688 | D:3      | Became a worshipper of the Wu Jian Council
  3309 | D:3      | Slain by an adder
  3310 | D:3      | Reached XP level 3. HP: -1/16 MP: 14/14
  3315 | D:3      | Noticed Ijyb
  3354 | D:3      | Killed from afar by Ijyb

Levels and vault maps discovered:
D:1:      tarquinn_simple_flora_water_f, layout_basic, okawaru_ov_weapons_minmay
D:2:      layout_loops_ring, lemuel_coloured_pillars_altar
D:3:      layout_basic, marbit_many_paths, kennysheep_decorative_pillar,
          uniq_ijyb

Skill      XL: |  1  2  3 |
---------------+----------+-----
Dodging        | 2 3 4 |  4.8
Stealth        | 3 4 |  4.3
Fighting       | |  2.0
Unarmed Combat | |  1.0
Spellcasting   | |  1.0
Necromancy     | |  1.0
Earth Magic    | |  1.0
Evocations     | |  1.1

Action                   |  1- 3 |  4- 6 || total
-------------------------+-------+-------++-------
Melee: Unarmed           |   211 |    47 ||   258
       Bite              |    14 |     6 ||    20
       Punch             |     2 |       ||     2
Invok: Lunge             |     1 |     8 ||     9
 Stab: Sleeping          |    18 |     4 ||    22
  Eat: Chunk             |    10 |     2 ||    12
Armor: Skin              |    12 |     3 ||    15
Dodge: Dodged            |   168 |    27 ||   195
